 Dungeon Crawl Stone Soup version 0.14-a0-3247-g5fd345f (webtiles) character file.

535 Psiweapon the Bolt Thrower (level 6, -1/34 HPs)
             Began as a Kobold Hunter on Mar 12, 2014.
             Slain by an ufetubus (4 damage)
             ... summoned by Eustachio
             ... on Level 4 of the Dungeon.
             The game lasted 00:12:03 (3249 turns).

Psiweapon the Bolt Thrower (Kobold Hunter)          Turns: 3249, Time: 00:12:03

HP  -1/34        AC  3     Str 13      XL: 6   Next: 94%
MP   6/6         EV 13     Int  9      God:
Gold 182         SH  0     Dex 16      Spells:  0 memorised,  5 levels left

rFire  . . .     SeeInvis .     b - +1 crossbow
rCold  . . .     Clarity  .     d - +0 leather armour
rNeg   . . .     Conserve .     (no shield)
rPois  .         rCorr    .     (no helmet)
rElec  .         rRot     .     (no cloak)
SustAb + .       Spirit   .     (no gloves)
rMut   .         Warding  .     (no boots)
Saprov + + .     Stasis   .     (no amulet)
MR     .....                    (no ring)
                                p - ring of sustain abilities {unknown}

@: not resistant to hostile enchantments, stealthy
A: disease resistance, carnivore 3, saprovore 2
a: no special abilities


You were on level 4 of the Dungeon.
You were very full.

You visited 1 branch of the dungeon, and saw 4 of its levels.

You collected 182 gold pieces.

Inventory:

Hand weapons
 a - a +0,+0 short sword
 b - a +1,+1 crossbow (weapon)
 m - a -1,+0 dagger
 A - a +3,+1 dagger
Missiles
 c - 12 bolts (quivered)
 w - 15 poisoned needles
Armour
 d - a +0 leather armour (worn)
 r - a +0 ring mail
Comestibles
 f - 2 meat rations
Scrolls
 e - a scroll of enchant armour {unknown}
 g - a scroll of fear
 i - a scroll of teleportation {unknown}
 j - a scroll of identify {unknown}
 k - 2 scrolls of fog {unknown}
 l - a scroll of remove curse
 n - a scroll of noise
 s - a scroll of recharging {unknown}
 u - a scroll of amnesia {unknown}
 v - a scroll of random uselessness {unknown}
 B - a scroll of immolation {unknown}
Jewellery
 p - a ring of sustain abilities (left hand) {unknown}
 y - an uncursed ring of protection from fire {unknown}
 F - an uncursed ring of wizardry
Potions
 h - 6 potions of curing {unknown}
 o - a potion of resistance {unknown}
 q - a potion of flight {unknown}
 t - a potion of heal wounds {unknown}
 x - a potion of haste {unknown}
 E - 2 potions of berserk rage {unknown}


   Skills:
 - Level 1.1 Fighting
 - Level 5.0 Short Blades
 + Level 7.4 Crossbows
 - Level 2.4 Dodging
 + Level 3.2 Stealth


You had 5 spell levels left.
You didn't know any spells.

Dungeon Overview and Level Annotations

Branches:
Dungeon (4/15)
 Temple: D:4-7

Altars:
Fedhas

Annotations:
D:4 Edmund, Eustachio


Innate Abilities, Weirdness & Mutations

You recuperate from illness quickly.
You are small and have problems with some larger weapons.
You are carnivorous and can eat meat at any time.
You can eat rotten meat.


Message History

Press: ? - help, Shift-Dir - straight line, f/p - Edmund
Aim: Edmund, wielding a dire flail and wearing a scale mail (heavily wounded)
You shoot a bolt. The bolt misses Edmund.
The ufetubus barely misses you. The ufetubus barely misses you.
The ufetubus hits you.
* * * LOW HITPOINT WARNING * * *
Firing (i - inventory):
c - 13 bolts (quivered)
Press: ? - help, Shift-Dir - straight line, f/p - Edmund
Aim: Edmund, wielding a dire flail and wearing a scale mail (heavily wounded)
You shoot a bolt. The bolt hits Edmund.
Edmund is heavily wounded.
The ufetubus completely misses you. The ufetubus misses you.
The white imp closely misses you.
Eustachio unwields an uncursed glowing falchion.
Eustachio drops an uncursed glowing falchion.
Eustachio picks up a war axe.
Eustachio wields a war axe.
Edmund hits you with a dire flail.
* * * LOW HITPOINT WARNING * * *
The ufetubus hits you.
You die...

.....<....................<......
.###.......####.#####............
...........# #.# #.s(....####.
.##........# #.# #......(#
.##..%.....####.#####.......#
....................(........
###...............(..........
..##............@(#####.###..#
...#.........)..@5@.<........
...#.............5#####......
⌠..'..............# ...
#..#..............# .
...#.##...........#
...#..............#
..##.......####.### ###.......>#
#... ........... ....


You could see Edmund, Eustachio, a white imp and an ufetubus.

Vanquished Creatures
  The ghost of Psiweapon the Sneak, an average KoEn (D:3)
  2 scorpions (D:4)
  Natasha (D:3)
  4 adders
  2 gnoll skeletons (D:4)
  A giant mite (D:3)
  An ufetubus (D:4)
  A worm (D:3)
  2 giant geckos (D:1)
  14 orcs
  2 giant cockroaches
  7 hobgoblins
  9 bats
  A giant newt (D:3)
  2 goblins
  12 kobolds
  11 rats
73 creatures vanquished.

Notes
Turn   | Place    | Note
--------------------------------------------------------------
     0 | D:1      | Psiweapon, the Kobold Hunter, began the quest for the Orb.
     0 | D:1      | Reached XP level 1. HP: 12/12 MP: 1/1
    99 | D:1      | Reached skill level 5 in Crossbows
   223 | D:1      | Reached skill level 1 in Short Blades
   270 | D:1      | Reached XP level 2. HP: 12/16 MP: 2/2
   681 | D:1      | Reached XP level 3. HP: 8/20 MP: 3/3
  1776 | D:3      | Found a blossoming altar of Fedhas.
  1789 | D:3      | Reached XP level 4. HP: 25/25 MP: 4/4
  1845 | D:3      | Noticed Psiweapon's ghost (average KoEn)
  1851 | D:3      | Killed Psiweapon's ghost
  1851 | D:3      | Reached skill level 6 in Crossbows
  1851 | D:3      | Reached XP level 5. HP: 20/29 MP: 5/5
  2508 | D:3      | Noticed Natasha
  2515 | D:3      | Killed Natasha
  2515 | D:3      | Reached XP level 6. HP: 28/34 MP: 6/6
  2693 | D:3      | Reached skill level 5 in Short Blades
  2873 | D:4      | Noticed Eustachio
  2928 | D:4      | Noticed Edmund
  3095 | D:4      | Reached skill level 7 in Crossbows
  3249 | D:4      | Slain by an ufetubus

Action                   |  1- 3 |  4- 6 || total
-------------------------+-------+-------++-------
Melee: Short sword       |    69 |    25 ||    94
       Crossbow          |     1 |       ||     1
 Fire: Crossbow          |    43 |    87 ||   130
  Use: Scroll            |       |     5 ||     5
